Cogmind - Beta 12 @@@ ROGUE MODE // 2023.05.14 @ 17:52:53 Player: Mr Goldstein Result: Core destroyed Performance ------------- Evolutions (5) 2500 Regions Visited (10) 2000 Robots Destroyed (0) 0 Value Destroyed (0) 0 Prototype IDs (1) 20 Alien Tech Used (0) 0 Bonus (2007) 2007 TOTAL SCORE: 6527 Bonus ------- Pacifist 1987 Follower Combat Kills 20 Cogmind --------- Core Integrity 0/1000 Matter 300/300 Energy 100/100 System Corruption 3% Temperature Cool (0) Movement Core (50) Location -5/Extension Parts ------- > --- POWER (1) -------- (None) > --- PROPULSION (2) --- (None) > --- UTILITY (12) ----- (None) > --- WEAPON (2) ------- (None) > --- INVENTORY (5) ---- Advanced Signal Interpreter Hacking Suite Peak State ------------ > --- POWER ------------ (None) > --- PROPULSION ------- (None) > --- UTILITY ---------- (None) > --- WEAPON ----------- Cooled Particle Cannon > --- INVENTORY -------- (None) [Rating: 5] Favorites ----------- Power None Propulsion None Utility Advanced Signal Interpreter Processor Advanced Signal Interpreter Weapon Proton Missile Launcher Energy Cannon Cooled Particle Cannon Launcher Proton Missile Launcher Build | -11 -10 -9 -9 -8 -7 -7 -7 -6 -5 -5 ------- Run | Jun Mat Mat Min Mat Fac Low Low Fac Fac Ext Slots Evolved 10 | . . 2 . 2 2 . . 2 2 . Power . | . . . . . . . . . . . Propulsion . | . . . . . . . . . . . Utility 10 | . . 2 . 2 2 . . 2 2 . Weapon . | . . . . . . . . . . . Parts Attached 3 | . . . . . 1 1 . 1 . . Power . | . . . . . . . . . . . Engine . | . . . . . . . . . . . Core . | . . . . . . . . . . . Reactor . | . . . . . . . . . . . Propulsion . | . . . . . . . . . . . Treads . | . . . . . . . . . . . Leg . | . . . . . . . . . . . Wheel . | . . . . . . . . . . . Hover . | . . . . . . . . . . . Flight . | . . . . . . . . . . . Utility 1 | . . . . . . . . 1 . . Device . | . . . . . . . . . . . Storage . | . . . . . . . . . . . Processor 1 | . . . . . . . . 1 . . Hackware . | . . . . . . . . . . . Protection . | . . . . . . . . . . . Artifact . | . . . . . . . . . . . Weapon 2 | . . . . . 1 1 . . . . Energy Gun . | . . . . . . . . . . . Energy Cannon 1 | . . . . . 1 . . . . . Ballistic Gun . | . . . . . . . . . . . Ballistic Cannon . | . . . . . . . . . . . Launcher 1 | . . . . . . 1 . . . . Special Weapon . | . . . . . . . . . . . Impact Weapon . | . . . . . . . . . . . Slashing Weapon . | . . . . . . . . . . . Piercing Weapon . | . . . . . . . . . . . Special Melee Weapon . | . . . . . . . . . . . Unidentified Prototypes 1 | . . . . . 1 . . . . . Parts Lost 1 | . . . . . . . . . . 1 Power . | . . . . . . . . . . . Propulsion . | . . . . . . . . . . . Utility 1 | . . . . . . . . . . 1 Weapon . | . . . . . . . . . . . Highest Loss Streak 1 | . . . . . . . . . . 1 To Critical Strikes . | . . . . . . . . . . . Average Slot Usage (%) 2 | . . . . . . . . 5 5 5 Processor 2 | . . . . . . . . 5 5 5 Naked Turns 532 | . 28 54 161 49 67 125 30 15 . 3 Heaviest Build . | . . . . . . . . . . . Greatest Support 3 | 3 3 3 3 3 3 3 3 3 3 3 Greatest Overweight (x) . | . . . . . . . . . . . Average Overweight (x) . | . . . . . . . . . . . Largest Inventory Capacity 5 | 5 5 5 5 5 5 5 5 5 5 5 Average Capacity 5 | 5 5 5 5 5 5 5 5 5 5 5 Most Carried 2 | . . . . . 1 1 . 1 2 2 Average Carried . | . . . . . . . . . 1 2 Final Capacity 5 | 5 5 5 5 5 5 5 5 5 5 5 Final Carried 2 | . . . . . 1 . . 1 2 2 Class Distribution -------------------- 100% | Mutant Dominant Class ---------------- Mutant | -10/Materials Mutant | -9/Materials Mutant | -9/Mines Mutant | -8/Materials Mutant | -7/Factory Mutant | -7/Lower Caves Mutant | -7/Lower Caves Mutant | -6/Factory Mutant | -5/Factory Mutant | -5/Extension Resources | -11 -10 -9 -9 -8 -7 -7 -7 -6 -5 -5 ----------- Run | Jun Mat Mat Min Mat Fac Low Low Fac Fac Ext Matter Collected 219 | 200 . . . . . . 19 . . . Remotely . | . . . . . . . . . . . Salvage Created . | . . . . . . . . . . . Parts . | . . . . . . . . . . . Haulers Intercepted . | . . . . . . . . . . . Recyclers Shooed 1 | . . . . . . . . . . 1 Parts Field Recycled . | . . . . . . . . . . . Retrieved Matter . | . . . . . . . . . . . Parts Self-Destructed . | . . . . . . . . . . . Prevented . | . . . . . . . . . . . Kills | -11 -10 -9 -9 -8 -7 -7 -7 -6 -5 -5 ------- Run | Jun Mat Mat Min Mat Fac Low Low Fac Fac Ext Combat Hostiles Destroyed . | . . . . . . . . . . . Classes Destroyed . | . . . . . . . . . . . Best Kill Streak . | . . . . . . . . . . . Combat Bots Only . | . . . . . . . . . . . Max Kills in Single Turn . | . . . . . . . . . . . Gunslinging . | . . . . . . . . . . . Exploded . | . . . . . . . . . . . Melee . | . . . . . . . . . . . Uniques/NPCs Destroyed . | . . . . . . . . . . . Combat | -11 -10 -9 -9 -8 -7 -7 -7 -6 -5 -5 -------- Run | Jun Mat Mat Min Mat Fac Low Low Fac Fac Ext Damage Taken 2513 | . . 139 156 265 . 375 . 540 322 716 Core 2489 | . . 139 156 265 . 375 . 540 322 692 Absorbed by Shields 6 | . . . . . . . . . . 6 Core Remaining (%) 59 | 100 100 . 26 51 . . 46 36 . . Volleys Fired 1 | . . . . . . 1 . . . . Largest 1 | . . . . . . 1 . . . . Hottest 39 | . . . . . . 39 . . . . Shots Fired 1 | . . . . . . 1 . . . . Gun . | . . . . . . . . . . . Cannon . | . . . . . . . . . . . Launcher 1 | . . . . . . 1 . . . . Special . | . . . . . . . . . . . Kinetic . | . . . . . . . . . . . Thermal . | . . . . . . . . . . . Explosive . | . . . . . . . . . . . Electromagnetic 1 | . . . . . . 1 . . . . Robot Hit Streak . | . . . . . . . . . . . Robot Miss Streak . | . . . . . . . . . . . Penetration Max . | . . . . . . . . . . . Secondary Targets . | . . . . . . . . . . . Shots Hit Robots . | . . . . . . . . . . . Core Hits 5 | . . 1 . . . . . . . 4 Critical Kills . | . . . . . . . . . . . Critical Parts Destroyed . | . . . . . . . . . . . Critical Strikes . | . . . . . . . . . . . Melee Attacks . | . . . . . . . . . . . Impact . | . . . . . . . . . . . Slashing . | . . . . . . . . . . . Piercing . | . . . . . . . . . . . Sneak Attacks . | . . . . . . . . . . . Combat Hostiles . | . . . . . . . . . . . Follow-up Attacks . | . . . . . . . . . . . Damage Inflicted 132 | . . 14 2 6 . . . . . 110 Guns . | . . . . . . . . . . . Cannons . | . . . . . . . . . . . Explosions . | . . . . . . . . . . . Melee . | . . . . . . . . . . . Ramming 132 | . . 14 2 6 . . . . . 110 Kinetic . | . . . . . . . . . . . Thermal . | . . . . . . . . . . . Explosive . | . . . . . . . . . . . Electromagnetic . | . . . . . . . . . . . Impact . | . . . . . . . . . . . Slashing . | . . . . . . . . . . . Piercing . | . . . . . . . . . . . Highest Corruption 3 | . . . . . . . . 2 . 3 Average Corruption 2 | . . . . . . . . 2 . 2 Corruption Purged . | . . . . . . . . . . . Corruption Blocked . | . . . . . . . . . . . Effects 2 | . . . . . . . . 1 . 1 Message Errors 1 | . . . . . . . . 1 . . Heat Flow Errors 1 | . . . . . . . . . . 1 Overload Shots . | . . . . . . . . . . . Overflow Damage . | . . . . . . . . . . . Projectiles . | . . . . . . . . . . . Explosions . | . . . . . . . . . . . Melee . | . . . . . . . . . . . Knockbacks 4 | . . . . . . . . . . 4 Impact 4 | . . . . . . . . . . 4 Kinetic . | . . . . . . . . . . . Secondary . | . . . . . . . . . . . Self-Inflicted Damage 59 | . . 6 1 3 . . . . . 49 Shots . | . . . . . . . . . . . Rammed 38 | . . 3 1 1 . . . . . 33 Targets Rammed 38 | . . 3 1 1 . . . . . 33 Kicked . | . . . . . . . . . . . Crushed . | . . . . . . . . . . . Highest Temperature 94 | . . . . . . . . . . 94 Average Temperature 54 | . . . . . . . . . . 54 Received Heat Transfer 534 | . . 45 84 72 . 189 . . 54 90 Siege Activations . | . . . . . . . . . . . Robots Corrupted . | . . . . . . . . . . . Combat Hostiles . | . . . . . . . . . . . Parts Fried . | . . . . . . . . . . . Impact Corruptions . | . . . . . . . . . . . Robots Melted . | . . . . . . . . . . . Combat Hostiles . | . . . . . . . . . . . Parts Melted . | . . . . . . . . . . . Heat Transferred . | . . . . . . . . . . . Parts Sabotaged . | . . . . . . . . . . . Parts Stolen . | . . . . . . . . . . . Parts Stripped . | . . . . . . . . . . . Power Chain Reactions . | . . . . . . . . . . . Missiles Intercepted . | . . . . . . . . . . . Alert | -11 -10 -9 -9 -8 -7 -7 -7 -6 -5 -5 ------- Run | Jun Mat Mat Min Mat Fac Low Low Fac Fac Ext Peak Influence 150 | . . 75 118 135 60 . . 124 150 116 Initial 73 | . . . 28 45 60 . . 49 60 73 Average 67 | . . 40 65 86 60 . . 74 67 86 Maximum Alert Level . | . . . . . . . . . . . Low Security (%) 100 | 100 100 100 100 100 100 . . 100 100 100 Level 1 . | . . . . . . . . . . . Level 2 . | . . . . . . . . . . . Level 3 . | . . . . . . . . . . . Level 4 . | . . . . . . . . . . . Level 5 . | . . . . . . . . . . . High Security . | . . . . . . . . . . . Max Security . | . . . . . . . . . . . Squads Dispatched 8 | . . 2 . 2 . . . . 2 2 Investigation 3 | . . . . . . . . . 1 2 Extermination . | . . . . . . . . . . . Reinforcement 5 | . . 2 . 2 . . . . 1 . Assault . | . . . . . . . . . . . Garrison . | . . . . . . . . . . . Intercept . | . . . . . . . . . . . Searches Triggered . | . . . . . . . . . . . Construction Impeded . | . . . . . . . . . . . Haulers Reinforced . | . . . . . . . . . . . Active Scanning Responses . | . . . . . . . . . . . Cargo Convoy Interrupts . | . . . . . . . . . . . Stealth | -11 -10 -9 -9 -8 -7 -7 -7 -6 -5 -5 --------- Run | Jun Mat Mat Min Mat Fac Low Low Fac Fac Ext Distress Signals 7 | . . 1 . 1 . . . 1 1 3 Communications Jammed . | . . . . . . . . . . . Distress Signals . | . . . . . . . . . . . Times Spotted 81 | . . 12 7 10 . 6 . 13 17 16 Peak Tracking Total 15 | . . 10 3 6 . 5 . 9 13 15 Tactical Retreats 11 | . . . 3 1 . 3 . 2 1 1 Traps | -11 -10 -9 -9 -8 -7 -7 -7 -6 -5 -5 ------- Run | Jun Mat Mat Min Mat Fac Low Low Fac Fac Ext Traps Triggered 6 | . . . . . . . . 2 . 4 Indirectly . | . . . . . . . . . . . Trap Hack Attempts . | . . . . . . . . . . . Triggered . | . . . . . . . . . . . Disarmed . | . . . . . . . . . . . Reprogrammed . | . . . . . . . . . . . Reused . | . . . . . . . . . . . Traps Extracted . | . . . . . . . . . . . Installed . | . . . . . . . . . . . Triggered . | . . . . . . . . . . . Machines | -11 -10 -9 -9 -8 -7 -7 -7 -6 -5 -5 ---------- Run | Jun Mat Mat Min Mat Fac Low Low Fac Fac Ext Machines Disabled . | . . . . . . . . . . . Max in Single Turn . | . . . . . . . . . . . Machines Repaired . | . . . . . . . . . . . Machines Sabotaged . | . . . . . . . . . . . Overloaded Fab Kills . | . . . . . . . . . . . Hacking | -11 -10 -9 -9 -8 -7 -7 -7 -6 -5 -5 --------- Run | Jun Mat Mat Min Mat Fac Low Low Fac Fac Ext Machines Accessed 6 | . . . . . 1 . . . 1 4 Terminals 6 | . . . . . 1 . . . 1 4 Fabricators . | . . . . . . . . . . . Repair Stations . | . . . . . . . . . . . Recycling Units . | . . . . . . . . . . . Scanalyzers . | . . . . . . . . . . . Garrison Access . | . . . . . . . . . . . Total Hacks 13 | . . . . . 2 . . . 2 9 Successful 3 | . . . . . . . . . . 3 Failed 10 | . . . . . 2 . . . 2 6 Catastrophic 4 | . . . . . 1 . . . 2 1 Database Lockouts . | . . . . . . . . . . . Manual . | . . . . . . . . . . . Terminals 13 | . . . . . 2 . . . 2 9 Fabricators . | . . . . . . . . . . . Repair Stations . | . . . . . . . . . . . Recycling Units . | . . . . . . . . . . . Scanalyzers . | . . . . . . . . . . . Garrison Access . | . . . . . . . . . . . Terminal Hacks 3 | . . . . . . . . . . 3 Open Door 3 | . . . . . . . . . . 3 Fabricator Hacks . | . . . . . . . . . . . Repair Station Hacks . | . . . . . . . . . . . Recycling Unit Hacks . | . . . . . . . . . . . Scanalyzer . | . . . . . . . . . . . Garrison Access Hacks . | . . . . . . . . . . . Unauthorized Hacks . | . . . . . . . . . . . Terminals . | . . . . . . . . . . . Fabricators . | . . . . . . . . . . . Repair Stations . | . . . . . . . . . . . Recycling Units . | . . . . . . . . . . . Scanalyzers . | . . . . . . . . . . . Garrison Access . | . . . . . . . . . . . Data Cores Recovered . | . . . . . . . . . . . Used . | . . . . . . . . . . . Hacking Detections 4 | . . . . . 1 . . . 1 2 Full Trace Events 3 | . . . . . . . . . 1 2 Feedback Events . | . . . . . . . . . . . Feedback Blocked . | . . . . . . . . . . . Robot Schematics Acquired . | . . . . . . . . . . . Robots Built . | . . . . . . . . . . . Authchips . | . . . . . . . . . . . Time . | . . . . . . . . . . . Total Robot Build Rating . | . . . . . . . . . . . Part Schematics Acquired . | . . . . . . . . . . . Parts Built . | . . . . . . . . . . . Authchips . | . . . . . . . . . . . Time . | . . . . . . . . . . . Total Part Build Rating . | . . . . . . . . . . . Parts Repaired . | . . . . . . . . . . . Time . | . . . . . . . . . . . Parts Recycled . | . . . . . . . . . . . Recycled Matter . | . . . . . . . . . . . Retrieved Matter . | . . . . . . . . . . . Retrieved Components . | . . . . . . . . . . . Parts Scanalyzed . | . . . . . . . . . . . Part Schematics Acquired . | . . . . . . . . . . . Parts Damaged . | . . . . . . . . . . . Bothacking | -11 -10 -9 -9 -8 -7 -7 -7 -6 -5 -5 ------------ Run | Jun Mat Mat Min Mat Fac Low Low Fac Fac Ext Used RIF Installer . | . . . . . . . . . . . Robots Hacked . | . . . . . . . . . . . Non-combat . | . . . . . . . . . . . Combat . | . . . . . . . . . . . Robot Hacks Applied . | . . . . . . . . . . . Relay Couplers Released . | . . . . . . . . . . . Fabnet Peak Effective % . | . . . . . . . . . . . Robots Rewired . | . . . . . . . . . . . Allies Hacked . | . . . . . . . . . . . Hacks Repelled . | . . . . . . . . . . . Allies | -11 -10 -9 -9 -8 -7 -7 -7 -6 -5 -5 -------- Run | Jun Mat Mat Min Mat Fac Low Low Fac Fac Ext Total Allies 4 | . . . . . . . . . . 4 Largest Group 3 | . . . . . . . . . . 3 Highest-Rated Group 81 | . . . . . . . . . . 81 Highest-Rated Ally 31 | . . . . . . . . . . 31 Total Orders . | . . . . . . . . . . . Ally Attacks 12 | . . . . . . . . . . 12 Total Damage 253 | . . . . . . . . . . 253 Kills 1 | . . . . . . . . . . 1 Allies Corrupted . | . . . . . . . . . . . Allies Melted . | . . . . . . . . . . . Intel | -11 -10 -9 -9 -8 -7 -7 -7 -6 -5 -5 ------- Run | Jun Mat Mat Min Mat Fac Low Low Fac Fac Ext Robot Analysis Total . | . . . . . . . . . . . Derelict Logs Recovered 3 | . . . 1 . . 2 . . . . Drone Launches . | . . . . . . . . . . . Drone Recoveries . | . . . . . . . . . . . Exploration | -11 -10 -9 -9 -8 -7 -7 -7 -6 -5 -5 ------------- Run | Jun Mat Mat Min Mat Fac Low Low Fac Fac Ext Turns Passed 987 | 12 28 54 161 49 68 128 30 107 156 194 Spaces Moved 1756 | 24 56 102 319 95 130 249 60 208 309 204 Core 1756 | 24 56 102 319 95 130 249 60 208 309 204 Treads . | . . . . . . . . . . . Legs . | . . . . . . . . . . . Wheels . | . . . . . . . . . . . Hover . | . . . . . . . . . . . Flight . | . . . . . . . . . . . Fastest Speed 50 | 50 50 50 50 50 50 50 50 50 50 50 Average Speed 50 | 50 50 50 50 50 50 50 50 50 50 50 Slowest Speed 50 | 50 50 50 50 50 50 50 50 50 50 50 Overloaded Moves . | . . . . . . . . . . . Propulsion Burnouts . | . . . . . . . . . . . Robots Hopped . | . . . . . . . . . . . Cave-ins Triggered . | . . . . . . . . . . . Exploration Rate (%) 23 | 4 16 21 81 20 3 43 11 11 10 38 Regions Visited 10 Branch Regions 4 Pre-discovered Areas . | . . . . . . . . . . . Known Exits Taken 3 | . . . . . . 1 . 1 1 . Unknown Exits Taken 7 | 1 1 1 1 1 1 . 1 . . . Scrap Searched 3 | . . . 1 . . 1 1 . . . Spaces Dug . | . . . . . . . . . . . Terrain Destroyed . | . . . . . . . . . . . Melee . | . . . . . . . . . . . Projectile . | . . . . . . . . . . . AOE . | . . . . . . . . . . . Terrain Rammed . | . . . . . . . . . . . Walls Destroyed . | . . . . . . . . . . . Machines Disabled . | . . . . . . . . . . . Actions | -11 -10 -9 -9 -8 -7 -7 -7 -6 -5 -5 --------- Run | Jun Mat Mat Min Mat Fac Low Low Fac Fac Ext Total 1851 | 23 55 104 319 95 132 251 59 209 309 295 Wait . | . . . . . . . . . . . Move 1746 | 23 55 101 318 94 129 248 59 207 308 204 Hop . | . . . . . . . . . . . Pick Up 3 | . . . . . 1 . . 1 1 . Fast Attach 2 | . . . . . 1 . . 1 . . Attach 1 | . . . . . . 1 . . . . Detach . | . . . . . . . . . . . Swap . | . . . . . . . . . . . Drop 2 | . . . . . 1 1 . . . . Fire 1 | . . . . . . 1 . . . . Melee . | . . . . . . . . . . . Ram 37 | . . 3 1 1 . . . . . 32 Kick . | . . . . . . . . . . . Crush . | . . . . . . . . . . . Escape Stasis 59 | . . . . . . . . . . 59 Rewire . | . . . . . . . . . . . Trap . | . . . . . . . . . . . Miscellaneous . | . . . . . . . . . . . Route ------- -11/Junkyard -10/Materials -9/Materials -9/Mines (discovered 3 exits: [*Mat x2] / [*Zio]) -8/Materials -7/Factory (discovered 2 exits: [*Fac] / [*Low]) -7/Lower Caves -7/Lower Caves -6/Factory -5/Factory -5/Extension History --------- Turn | Location | Event 4 | -11/Junkyard | Discovered new exit (range 15) 13 | -11/Junkyard | Entered Materials 33 | -10/Materials | Discovered new exit (range 15) 41 | -10/Materials | Entered another Materials area 41 | -9/Materials | Evolved 2 slots: Utility x2 92 | -9/Materials | Discovered new exit (range 8) 95 | -9/Materials | Entered Mines 222 | -9/Mines | Core integrity fell below 50% 241 | -9/Mines | A Derelict revealed a hidden shortcut to a safe place 249 | -9/Mines | Discovered new exit (range 13) 250 | -9/Mines | Discovered new exit (range 10) 256 | -9/Mines | Entered Materials 256 | -8/Materials | Evolved 2 slots: Utility x2 302 | -8/Materials | Discovered new exit (range 6) 305 | -8/Materials | Build established: Mutant 305 | -8/Materials | Entered Factory 305 | -7/Factory | Evolved 2 slots: Utility x2 355 | -7/Factory | Discovered new exit (range 5) 367 | -7/Factory | Discovered new exit (range 11) 373 | -7/Factory | Entered Lower Caves 389 | -7/Lower Caves | Spotted B-75 Beast 412 | -7/Lower Caves | Identified exit to Lower Caves 447 | -7/Lower Caves | Core integrity fell below 50% 481 | -7/Lower Caves | Learned Factory stockpile data 501 | -7/Lower Caves | Entered another Lower Caves area 525 | -7/Lower Caves | Discovered new exit (range 13) 531 | -7/Lower Caves | Entered Factory 531 | -6/Factory | Evolved 2 slots: Utility x2 620 | -6/Factory | Core integrity fell below 50% 633 | -6/Factory | Discovered new exit (range 12) 637 | -6/Factory | Identified exit to Factory 638 | -6/Factory | Entered another Factory area 638 | -5/Factory | Evolved 2 slots: Utility x2 788 | -5/Factory | Discovered new exit (range 13) 793 | -5/Factory | Identified exit to Extension 794 | -5/Factory | Entered Extension 810 | -5/Extension | Rescued a captive Derelict 815 | -5/Extension | Rescued a captive Derelict 891 | -5/Extension | Core integrity fell below 50% 892 | -5/Extension | Rescued a captive Derelict 959 | -5/Extension | Rescued a captive Derelict 959 | -5/Extension | Spotted B-75 Beast 960 | -5/Extension | Rescued a captive Derelict 963 | -5/Extension | Spotted B-75 Beast 977 | -5/Extension | Core integrity fell below 20% 988 | -5/Extension | Core destroyed Last Messages --------------- >>Open(Door) Sealed Heavy Doors opened. 00958_ ALERT: Suspicious activity at Terminal E007. Dispatching Investigation squad. 00961_ Slammed into R-10 Processor. 00962_ R-10 Processor sends out distress signal. 00963_ Slammed into R-10 Processor. 00963_ R-10 Processor knocked back. 00964_ Slammed into R-10 Processor. 00964_ R-10 Processor knocked back. 00966_ Door Terminal disabled. 00967_ Penetrated by Slug. 00971_ Machine disabled. 00975_ Slammed into S-27 Virus. 00983_ System corrupted: Heat flow error (+134). 00983_ Slammed into S-27 Virus. 00985_ Broken Adv. Signal Interpreter destroyed. 00985_ System corrupted by crushing effect (+1). 00986_ Slammed into S-27 Virus. 00988_ Destabilizing: Core damaged (-40). Map ----- +----------------------------------------------------+ | | | | | | | | | | | | | | | | | | | | | | | | | ?????????????????????????????????????????????????? | | ?????????????????????????????????????????????????? | | ?????########????????????????????????????????????? | | ?????# * #????????????????????????????????????? | | ?????#/ ####?????????????????????????????????? | | ?????# / ]+ #?????????????????????????????????? | | ?????# # #?????????????????????????????????? | | ?????# # #?????????????????????????????????? | | ??###?? + #?????????????????????????????????? | | ??#T#??##+### #?????????????????????????????????? | | ??" #### %## #????????###??????????????????????? | | ??" #????????#% ??????????????????????? | | ??# # ## *###%#????????#s#??????????????????????? | | ??###%######?#%#????????#@#??????????????????????? | | ????# #??????#%#????????#%#??????????????????????? | | ????#%#??????#%#????????#%#??????????????????????? | | ##### #??????#%#????????#%#??????????????????????? | | % % #??????#%#????????#%#??????????????????????? | | #######??????# #????????#%#??????????????????????? | | ?????????????# #????????#%#??????????????????????? | | ?????????????#%#????????#%#??????????????????????? | | ?????????????# #????????#s#??????????????????????? | | ?????????????# #????????#%#??????????????????????? | | ???????????### #????????#%#??????????????????????? | | ?????????### # #????????#s#??????????????????????? | | ?????????# #????????# #??????????????????????? | | ?????????# # #????????#Y#??????????????????????? | | ?????????###T# #????????#R#??????????????????????? | | ???????????### #????????# #??????????????????????? | | ?????????????# #????????# #??????????????????????? | | ?????????????# #?######?# #??????????????????????? | | ???????????###%### ## ### ###????????????????????? | | ???????????#"" " " ""#????????????????????? | | ???????????# "%" " #????????????????????? | | ???????????# %% " #??????????????????? | | ???????????# ###??????????????????? | | ???????????# #????????????????????? | | ????????? ??????????????????? | +----------------------------------------------------+ Best States ------------- Heat Dissipation 40 Energy Generation 5 Energy Capacity 100 Matter Stores 300 Matter Capacity 300 Sight Range 16 Terrain Scan Density 10 Evasion (%) 50 Item Schematics ----------------- None Robot Schematics ------------------ None Fabricated ------------ Nothing Alien Tech Used ----------------- None Achievements -------------- None Challenges ------------ None Game ------ Seed SmartbombSpacefoldBoomstick Manual? 0 Play Time 00:10:58 Cumulative 209.8 hours Start 2023.05.14 @ 17:43:53 End 2023.05.14 @ 17:52:53 Sessions 1 Manual Loads 0 Difficulty Rogue Special Mode None Game No. 611 Rogue 611 Adventurer 0 Explorer 0 Win Type - Total 9 Types 7/0/1/1/0/0/0/0/0 Lore% 81 Gallery% 80 Achievement% 71 Wizard Run 0 Options --------- ASCII 0 Keyboard 0 Movement Numpad Keybinds 0 Fullscreen 1 Font 16/SmallcapsGlow Map View 75x55 Tactical HUD 1 Map Filters NONE Filters NONE Steam 1 RUN: 93dc6280-dc43-42d2-b144-7f0c57a376e4